 Dungeon Crawl Stone Soup version 0.18-a0-1577-gf591c28 (webtiles) character file.

952 Ijustatesigmund the Insei (level 8, -2/55 HPs)
             Began as an Octopode Transmuter on Mar 19, 2016.
             Killed by divine providence
             ... invoked by an orc priest
              (16 damage)
             ... on level 5 of the Dungeon.
             The game lasted 00:10:56 (4426 turns).

Ijustatesigmund the Insei (Octopode Transmuter)     Turns: 4426, Time: 00:10:57

Health: -2/55      AC:  2    Str: 11    XL:     8   Next: 14%
Magic:  9/11       EV: 25    Int: 16    God:
Gold:   197        SH:  0    Dex: 22    Spells: 3 memorised, 5 levels left

rFire  . . .     SeeInvis .       - Unarmed
rCold  . . .     Gourm    .     (shield currently unavailable)
rNeg   . . .     Faith    .     (helmet currently unavailable)
rPois  x         Spirit   .     (no amulet)
rElec  .         Dismiss  .     f - ring of flight
rCorr  .         Reflect  .     (no ring)
SustAt .         Harm     .     (no ring)
MR     .....                    (no ring)
Stlth  +++.......               (no ring)
                                (no ring)
                                (no ring)
                                (no ring)

@: agile, spider-form (expiring), not resistant to hostile enchantments, fairly
stealthy
A: almost no armour, (amphibious), 8 rings, (constrict 8), (camouflage 0),
(gelatinous body 0)
a: End Transformation, Evoke Flight


You were on level 5 of the Dungeon.
You were not hungry.
You were a venomous arachnid creature.
You visited 1 branch of the dungeon, and saw 6 of its levels.

You collected 197 gold pieces.

Inventory:

Missiles
 a - 20 arrows
 i - 13 tomahawks (quivered)
Jewellery
 f - a ring of flight (left front leg)
 g - a +1 ring of evasion {unknown}
 k - a cursed -3 ring of intelligence {unknown}
Scrolls
 d - a scroll of teleportation
 e - 3 scrolls of identify
 h - a scroll of magic mapping {unknown}
 j - 4 scrolls of remove curse
Books
 b - a book of Changes

   Spells                             Type                      Level
   a - Beastly Appendage              Transmutation                1
   b - Sticks to Snakes               Transmutation                2
   c - Spider Form                    Transmutation/Poison         3
   d - Ice Form                       Ice/Transmutation            4
   e - Blade Hands                    Transmutation                5
Comestibles
 c - 5 bread rations
 l - 2 meat rations


   Skills:
 + Level 5.3 Fighting
 - Level 2.0 Dodging
 + Level 6.2 Unarmed Combat
 - Level 2.0 Spellcasting
 + Level 4.7 Transmutations
 - Level 2.1 Poison Magic


You had 5 spell levels left.
You knew the following spells:

 Your Spells              Type           Power        Failure   Level  Hunger
a - Beastly Appendage     Trmt           ###...       12%         1    #......
b - Sticks to Snakes      Trmt           ###.....     17%         2    ###....
c - Spider Form           Trmt/Pois      ##........   36%         3    ###....


Dungeon Overview and Level Annotations

Branches:
Dungeon (6/15)
 Temple: D:4-7

Altars:
Okawaru
Ru
Xom

Shops:
D:5 =

Annotations:
D:5 Duffy's ghost, amateur FoAs


Innate Abilities, Weirdness & Mutations

You cannot wear most types of armour.
((You are amphibious.))
You can wear up to eight rings at the same time.
((You can use your tentacles to constrict eight enemies at once.))
((Your skin changes colour to match your surroundings (Stealth).))
((Your rubbery body absorbs attacks (AC +1).))


Message History

Duffy's ghost is heavily damaged.
The orc wizard hits you but does no damage.
The orc priest closely misses you. Duffy's ghost hits you.
The orc barely misses you.
An orc comes into view. It is wielding a flail.
The orc shouts!
You hit Duffy's ghost.
Duffy's ghost is severely damaged.
The orc wizard casts a spell at you. The magic dart hits you!
Duffy's ghost hits you.
* * * LOW HITPOINT WARNING * * *
The orc priest closely misses you. The orc wizard closely misses you.
Drink which item? (? for menu, Esc to quit)
You feel agile all of a sudden. The orc misses you.
The orc wizard completely misses you. Duffy's ghost hits you.
* * * LOW HITPOINT WARNING * * *
The orc priest mumbles some strange prayers to Beogh against you.
Beogh smites you!
You die...

#.#####.##......#
#.......##.###### ###
##########.# #########<.
###.# #.......#.# #...#
#.#####.#.# ##.###
#.#####.#.# #...#
#.##......# #...#
#.......###
#os[#####..#.##.#
#oWo#...........#
#####...#......#.##.#
#..>....).....#.#.##.###
.................>......
#....(.o......#......###
######...#..###.#.####
#...#......#.#
#...########.#


You could see an orc priest, an orc wizard, Duffy's ghost and 2 orcs.

Vanquished Creatures
  A black bear (D:4)
  2 ogres
  A scorpion (D:4)
  A howler monkey (D:6)
  A crimson imp (D:5)
  A giant frog zombie (D:5)
  3 hounds
  3 giant frog skeletons
  An orc priest (D:4)
  3 orc wizards
  A worker ant (D:6)
  A killer bee zombie (D:6)
  A hound zombie (D:6)
  A hound skeleton (D:4)
  3 gnolls (D:3)
  8 adders
  A shadow imp (D:5)
  An ooze (D:2)
  An adder zombie (D:5)
  3 giant geckos
  10 orcs
  A ball python (D:3)
  3 giant cockroaches
  8 goblins
  8 hobgoblins
  7 jackals
  7 bats
  4 giant newts
  8 kobolds
  2 rats
96 creatures vanquished.

Vanquished Creatures (collateral kills)
  An adder (D:3)
1 creature vanquished.

Grand Total: 97 creatures vanquished

Notes
Turn   | Place    | Note
--------------------------------------------------------------
     0 | D:1      | Ijustatesigmund the Octopode Transmuter began the quest for the Orb.
     0 | D:1      | Reached XP level 1. HP: 13/13 MP: 3/3
    88 | D:1      | You fall through a shaft!
   115 | D:2      | Found a sacrificial altar of Ru.
   216 | D:1      | Reached XP level 2. HP: 18/18 MP: 3/5
   220 | D:1      | Learned a level 2 spell: Sticks to Snakes
   909 | D:2      | Reached XP level 3. HP: 17/24 MP: 6/6
  1000 | D:2      | Learned a level 3 spell: Spider Form
  1417 | D:3      | HP: 1/24 [adder (4)]
  1792 | D:3      | Reached skill level 4 in Unarmed Combat
  1792 | D:3      | Reached skill level 1 in Poison Magic
  1792 | D:3      | Reached XP level 4. HP: 21/30 MP: 4/7
  1962 | D:3      | Found an iron altar of Okawaru.
  1987 | D:3      | Reached XP level 5. HP: 13/36 MP: 1/8
  2215 | D:3      | Found a shimmering altar of Xom.
  2609 | D:3      | Reached XP level 6. HP: 32/42 MP: 9/9
  2782 | D:4      | Noticed a black bear
  2795 | D:4      | Killed a black bear
  2877 | D:4      | Reached skill level 5 in Unarmed Combat
  3080 | D:4      | Reached XP level 7. HP: 42/48 MP: 10/10
  3597 | D:5      | Entered Level 5 of the Dungeon
  3751 | D:5      | Noticed Duffy's ghost (amateur FoAs)
  3781 | D:6      | Reached skill level 5 in Fighting
  3975 | D:6      | Reached skill level 6 in Unarmed Combat
  4117 | D:6      | Reached XP level 8. HP: 35/55 MP: 11/11
  4299 | D:5      | Found Gicu's Jewellery Boutique.
  4426 | D:5      | Killed from afar by an orc priest

Vault maps used:
D:1:      matt_arrival_diagonals
D:2:      lemuel_round_altar, first_bread, st_stairs_5, kennysheep_nub
D:3:      lemuel_crystal_altar, lemuel_round_altar, kennysheep_decorative_pillar
D:5:      serial_shops, nicolae_shop_waterfront, serial_bayou_pond_c,
          water_boxes_lemuel
D:6:      lemuel_blue_sif_altar, uniq_grinder, uniq_blork_the_orc

Skill      XL: |  1  2  3  4  5  6  7 |
---------------+----------------------+-----
Fighting       | 2 3 4 5 |  5.3
Unarmed Combat | 4 5 6 |  6.2
Poison Magic   | 1 2 |  2.1
Transmutations | 3 4 |  4.7
Dodging        | |  2.0
Spellcasting   | |  2.0

Action                   |  1- 3 |  4- 6 |  7- 9 || total
-------------------------+-------+-------+-------++-------
Melee: Unarmed           |    71 |   106 |   115 ||   292
 Cast: Beastly Appendage |     4 |     5 |     5 ||    14
       Sticks to Snakes  |     5 |     4 |       ||     9
       Spider Form       |       |     1 |     5 ||     6
  Use: Scroll            |     7 |       |     3 ||    10
       Potion            |     2 |     1 |     1 ||     4
 Stab: Sleeping          |     5 |     3 |     4 ||    12
  Eat: Chunk             |     1 |     2 |     5 ||     8
       Meat ration       |     1 |       |       ||     1
